 Dungeon Crawl Stone Soup version 0.31-a0-1019-g3dd9dd1025 (webtiles) character file.

Game seed: 7875984076269845850

255 Descartes the Geomancer (level 6, -1/41 HPs)
             Began as a Formicid Earth Elementalist on Nov 17, 2023.
             Slain by Pikel
             ... wielding a +0 whip of flaming
              (2 damage)
             ... on level 4 of the Dungeon.
             The game lasted 00:11:50 (4402 turns).

Descartes the Geomancer (FoEE)                      Turns: 4402, Time: 00:11:51

Health: -1/41      AC:  5    Str: 15    XL:     6   Next: 38%
Magic:  0/9        EV: 11    Int: 14    God:
Gold:   187        SH:  0    Dex: 14    Spells: 8/9 levels left

rFire   . . .        e - +0 falchion
rCold   + . .        (no shield)
rNeg    . . .        d - +0 ring mail
rPois   .            (helmet unavailable)
rElec   .            (no cloak)
rCorr   .            (no gloves)
SInv    +            (no boots)
Will    +....        t - amulet of guardian spirit
Stlth   +            g - ring of willpower
HPRegen 0.26/turn    j - ring of protection from cold
MPRegen 0.11/turn

%: guardian spirit
@: mighty
A: permanent stasis, dig shafts and tunnels, antennae 3, four strong arms
a: Dig, Shaft Self


You were on level 4 of the Dungeon.
You visited 1 branch of the dungeon, and saw 4 of its levels.

You collected 187 gold pieces.

Inventory:

Hand Weapons
 e - a +0 falchion (weapon)
Missiles
 c - 2 datura-tipped darts
 y - a boomerang
Armour
 a - a +0 robe
 d - a +0 ring mail (worn)
 w - a +0 chain mail
Jewellery
 g - a ring of willpower (left hand)
 j - a ring of protection from cold (right hand)
 o - a ring of magical power
 s - a ring of flight
 t - an amulet of guardian spirit (around neck)
 z - a ring of willpower
Wands
 B - a wand of flame (18)
Scrolls
 f - a scroll of fear {unknown}
 h - a scroll of enchant weapon {unknown}
 i - 2 scrolls of immolation {unknown}
 m - 3 scrolls of identify {unknown}
 p - a scroll of blinking {unknown}
 q - a scroll of teleportation {unknown}
 u - a scroll of enchant armour {unknown}
 v - a scroll of fog {unknown}
 x - a scroll of silence {unknown}
 C - 3 scrolls of butterflies {unknown}
Potions
 b - a potion of magic
 k - a potion of haste {unknown}
 l - a potion of lignification {unknown}
 n - a potion of experience {unknown}
 r - a potion of cancellation
 A - a potion of brilliance {unknown}
 D - a potion of curing {unknown}


   Skills:
 - Level 1.7 Dodging
 - Level 2.4 Stealth
 - Level 2.1 Spellcasting
 - Level 1.1 Transmutations
 + Level 8.1 Earth Magic


You had 8 spell levels left.
You knew the following spells:

 Your Spells              Type           Power      Damage    Failure   Level
a - Sandblast             Erth           48%        2d12      1%          1

Your spell library contained the following spells:

 Spells                   Type           Power      Damage    Failure   Level
 Passwall                 Tmut/Erth      11%        N/A       11%         2
 Stone Arrow              Conj/Erth      24%        3d8       26%         3
 Freeze                   Ice            4%         1d3       43%         1
 Lesser Beckoning         Tloc           2%         N/A       56%         2
 Momentum Strike          Conj/Tloc      2%         3d8       56%         2
 Petrify                  Tmut/Erth      14%        N/A       56%         4
 Brom's Barrelling Bould  Conj/Erth      12%        2d4       65%         4
 Frozen Ramparts          Ice            2%         1d1       80%         3
 Hailstorm                Conj/Ice       1%         3d3       80%         3
 Blink                    Tloc           Unusable   N/A       N/A         2

Dungeon Overview and Level Annotations

Branches:
Dungeon (4/15)
 Temple: D:4-7

Altars:
Qazlal

Shops:
D:1 *(![*

Annotations:
D:4 Pikel


Innate Abilities, Weirdness & Mutations

You cannot be hasted, slowed, berserked, paralysed or teleported.
You can dig through walls and to a lower floor.
You have a pair of large antennae on your head. (SInv)
Your four strong arms can wield two-handed weapons with a shield.


Message History

Pikel burns you. Magic courses through your body.
Pikel hits you with a +0 whip of flaming!
* * * LOW HITPOINT WARNING * * *
Pikel burns you.
* * * LOW HITPOINT WARNING * * *
Casting: Sandblast (safe; 1% risk of failure)
Confirm with . or Enter, or press ? or * to list all spells.
Aiming: Sandblast (safe; 1% risk of failure)
Press: ? - help, Shift-Dir - straight line, f/p - Pikel
Aim: Pikel, wielding a +0 whip of flaming, wearing a +0 robe and carrying a wand of iceblast (79% to hit)
The blast of sand hits Pikel.
Pikel is lightly wounded.
Pikel misses you.
Pikel hits you with a +0 whip of flaming.
* * * LOW HITPOINT WARNING * * *
Pikel burns you.
Casting: Sandblast (safe; 1% risk of failure)
Confirm with . or Enter, or press ? or * to list all spells.
Aiming: Sandblast (safe; 1% risk of failure)
Press: ? - help, Shift-Dir - straight line, f/p - Pikel
Aim: Pikel, wielding a +0 whip of flaming, wearing a +0 robe and carrying a wand of iceblast (lightly wounded, 79% to hit)
Okay, then.
It was a potion of cancellation.
You feel magically purged.
Pikel hits you with a +0 whip of flaming.
* * * LOW HITPOINT WARNING * * *
Pikel burns you.
* * * LOW HITPOINT WARNING * * *
Unknown command.
It was a potion of might.
You feel very mighty all of a sudden. Pikel barely misses you.
Unknown command.
You barely miss Pikel.
Pikel is lightly wounded.
Pikel hits you with a +0 whip of flaming!
* * * LOW HITPOINT WARNING * * *
Pikel burns you.
You die...
Pikel says, "Another soul for the market."

**,,,**,,,,,,,,,,,*
*,,,***,,,,.......#
#**,,***,,,,,,......#
##.,**
*,,,,,*......####*
...,*
**,,,,**#.........*
...** *,,,,**
#.......#** ..#*
**,,,** *......#* ..#
*#..,** *#K....###
..#*#....*
##@......#**
..##....#*
##...#.....,*
..#.....#
#...##*,..#**
<.......# ##..##
***,.* ........#
##..## **,* .......##
##..## ***
........###...#
.............## ###
#.............# ##.#


You could see Pikel.

Vanquished Creatures
  2 lemures (D:4)
  2 scorpions (D:4)
  A hound (D:4)
  Terence (D:2)
  An adder (D:2)
  A worm (D:3)
  4 dart slugs
  An orc (D:4)
  9 endoplasms
  3 giant cockroaches
  5 goblins
  7 hobgoblins
  7 jackals
  5 kobolds
  A ball python (D:3)
  5 frilled lizards
  5 rats
60 creatures vanquished.

Notes
Turn   | Place    | Note
-------+----------+-------------------------------------------
     0 | D:1      | Descartes the Formicid Earth Elementalist began the quest
                  | for the Orb.
     0 | D:1      | Reached XP level 1. HP: 13/13 MP: 3/3
   117 | D:1      | Reached skill level 4 in Earth Magic
   153 | D:1      | Reached XP level 2. HP: 17/19 MP: 3/5
   206 | D:1      | Found Kipuha's Distillery.
   338 | D:1      | Found Xuer's Antique Armour Emporium.
   359 | D:1      | Reached XP level 3. HP: 24/24 MP: 2/6
   517 | D:1      | Found Dicvui's General Store.
   532 | D:1      | Found Pocse's Weapon Shoppe.
   621 | D:1      | Found Juwaerche's Assorted Antiques.
   718 | D:2      | Reached skill level 5 in Earth Magic
   761 | D:2      | Noticed Terence
   772 | D:2      | Killed Terence
   773 | D:2      | Reached XP level 4. HP: 15/30 MP: 0/7
  1325 | D:2      | Reached skill level 6 in Earth Magic
  1960 | D:4      | Noticed a lemure
  2019 | D:4      | Noticed a lemure
  2085 | D:4      | Noticed a lemure
  2086 | D:4      | Noticed a lemure
  2086 | D:4      | Noticed a scorpion
  2258 | D:4      | Killed a scorpion
  2259 | D:4      | Reached skill level 7 in Earth Magic
  2259 | D:4      | Reached XP level 5. HP: 22/35 MP: 1/8
  2529 | D:4      | Found a stormy altar of Qazlal.
  2534 | D:4      | Reached XP level 6. HP: 38/41 MP: 5/9
  2632 | D:4      | Reached skill level 8 in Earth Magic
  3485 | D:4      | Noticed Pikel
  4121 | D:4      | Found a stormy altar of Qazlal.
  4402 | D:4      | HP: 1/41 [Pikel/+0 whip of flaming (6)]
  4402 | D:4      | Slain by Pikel

Illustrated notes

Levels and vault maps discovered:
D:1:      orjb1_lava_funnel, layout_rooms, serial_shops,
          nicolae_shop_overgrown_old_shop, shop, shop, shop,
          nicolae_shop_hallway_plus
D:2:      layout_basic, minmay_crystal_room, uniq_terence
D:3:      layout_basic
D:4:      layout_layer_cave, overflow_temple_1_default,
          chequers_serial_rivers_large_b, serial_library_hellmonk_room_c,
          uniq_pikel

Skill      XL: |  1  2  3  4  5  6 |
---------------+-------------------+-----
Earth Magic    | 4 5 7 8 |  8.1
Dodging        | |  1.7
Stealth        | |  2.4
Spellcasting   | |  2.1
Transmutations | |  1.1

Action                     |  1- 3 |  4- 6 || total
---------------------------+-------+-------++-------
  Melee: Falchion          |    13 |     4 ||    17
   Cast: Sandblast         |    34 |    73 ||   107
    Use: Potion            |       |     3 ||     3
 Armour: Ring mail         |    21 |    58 ||    79
  Dodge: Dodged            |    20 |    43 ||    63

Table legend: (Time is in decaauts)
 A = Elapsed time spent in this place.
 B = Non-inter-level travel time spent in this place.
 C = Inter-level travel time spent in this place.
 D = Time resting spent in this place.
 E = Time spent auto-exploring this place.
 F = Levels seen in this place.
 G = Mean time per level.
                   A        B        C        D        E       F      G
               +--------+--------+--------+--------+--------+-----+--------+
         Total |   4509 |   4356 |    153 |      0 |   3689 |   4 | 1127.2 |
       Dungeon |   4509 |   4356 |    153 |      0 |   3689 |   4 | 1127.2 |
               +--------+--------+--------+--------+--------+-----+--------+

Top non-repeatable levels by time:
     D:4: 2160 daAuts
     D:3: 866 daAuts
     D:2: 795 daAuts
     D:1: 686 daAuts
